 Dungeon Crawl Stone Soup version 0.31-a0-1-g4198be8af4 (webtiles) character file.

Game seed: 5809998016158585534

280 Ahpoh the Slasher (level 6, 0/33 HPs)
             Began as a Vine Stalker Monk on May 2, 2023.
             Slain by Ijyb
             ... wielding a +0 dagger
              (3 damage)
             ... on level 4 of the Dungeon.
             The game lasted 00:08:16 (2736 turns).

Ahpoh the Slasher (Vine Stalker Monk)               Turns: 2736, Time: 00:08:17

Health: 0/33       AC:  3    Str: 19    XL:     6   Next: 27%
Magic:  0/7        EV: 13    Int: 10    God:
Gold:   252        SH:  0    Dex: 19    Spells: 5/5 levels left

rFire   . . .        k - +0 long sword
rCold   . . .        d - orb {light}
rNeg    . . .        b - +0 robe
rPois   .            h - +0 helmet
rElec   .            (no cloak)
rCorr   .            (no gloves)
SInv    .            (no boots)
Will    .....        (no amulet)
Stlth   +            f - +6 ring of strength
HPRegen 1.05/turn    (no ring)
MPRegen 0.10/turn

%: guardian spirit
@: mighty, glowing
A: fangs 2, regeneration 1, magic shield, antimagic bite, no potion heal 2
a: no special abilities


You were on level 4 of the Dungeon.
You visited 1 branch of the dungeon, and saw 4 of its levels.

You collected 252 gold pieces.

Inventory:

Hand Weapons
 k - a +0 long sword (weapon)
Missiles
 r - a throwing net (quivered)
Armour
 b - a +0 robe (worn)
 d - an orb of light (worn)
 h - a +0 helmet (worn)
Jewellery
 f - a +6 ring of strength (left hand)
 p - a ring of protection from cold
Wands
 s - a wand of flame (15)
Scrolls
 a - 2 scrolls of enchant armour
 i - a scroll of immolation
 j - a scroll of noise
 l - a scroll of identify
 n - 2 scrolls of torment {unknown}
 q - a scroll of teleportation
Potions
 c - a potion of ambrosia
 e - 5 potions of might
 g - a potion of curing
 m - a potion of heal wounds
 o - a potion of lignification {unknown}


   Skills:
 + Level 3.8 Fighting
 + Level 4.6 Long Blades
 + Level 3.3 Dodging
 + Level 1.8 Stealth


You had 5 spell levels left.
You didn't know any spells.
Your spell library contained the following spells:

 Spells                   Type           Power      Damage    Failure   Level
 Freeze                   Ice            0%         1d3       36%         1
 Sting                    Tmut/Pois      0%         1d3       36%         1
 Blink                    Tloc           0%         N/A       50%         2
 Lesser Beckoning         Tloc           0%         N/A       50%         2
 Momentum Strike          Conj/Tloc      0%         3d8       50%         2
 Poisonous Vapours        Pois/Air       0%         N/A       50%         2
 Frozen Ramparts          Ice            0%         1d1       75%         3
 Hailstorm                Conj/Ice       0%         3d3       75%         3
 Olgreb's Toxic Radiance  Pois           0%         N/A       98%         4


Dungeon Overview and Level Annotations

Branches:
Dungeon (4/15)
 Temple: D:4-7

Altars:
Dithmenos
Kikubaaqudgha
Makhleb
Wu Jian

Annotations:
D:4 Ijyb


Innate Abilities, Weirdness & Mutations

You have extremely sharp teeth.
Your natural rate of healing is unusually fast.
When hurt, damage is shared between your health and your magic reserves.
Your bite disrupts and absorbs the magic of your enemies.
Potions cannot restore your health.


Message History

You enter the shallow water.
Moving in this stuff is going to be slow.
Ijyb the Twisted Goblin comes into view.
She is wielding a +0 dagger and carrying a wand of light (6).
Ijyb zaps a wand.
The bolt of light hits you!
Ijyb zaps a wand.
The bolt of light hits you!
Found a scroll labelled PAASEC BAJE.
Ijyb zaps a wand.
The bolt of light hits you!
You slash Ijyb!
Ijyb is heavily wounded.
Ijyb zaps a wand.
The bolt of light misses you.
You hit Ijyb.
Ijyb is severely wounded.
Ijyb hits you with a +0 dagger.
* * * LOW HITPOINT WARNING * * *
You hit Ijyb. You bite Ijyb. You drain her power.
You feel invigorated.
Ijyb is almost dead.
Ijyb zaps a wand.
The bolt of light hits you!
* * * LOW HITPOINT WARNING * * *
You barely miss Ijyb.
Ijyb is almost dead.
Ijyb drinks a potion.
Ijyb is healed!
Ijyb zaps a wand.
The bolt of light misses you.
The now-empty wand crumbles to dust.
You hit Ijyb. You bite Ijyb, but do no damage.
Ijyb is moderately wounded.
Ijyb hits you with a +0 dagger.
* * * LOW HITPOINT WARNING * * *
You barely miss Ijyb.
Ijyb is moderately wounded.
Ijyb barely misses you.
Sorry, you're not good enough to have a special ability.
You feel very mighty all of a sudden. Ijyb closely misses you.
You hit Ijyb. You bite Ijyb. You drain her power.
You feel invigorated.
Ijyb is heavily wounded.
Ijyb hits you with a +0 dagger.
* * * LOW HITPOINT WARNING * * *
You barely miss Ijyb.
Ijyb is heavily wounded.
Ijyb hits you with a +0 dagger.
You die...

#P♣~~♣~~~.♣♣♣P.......###..
..~~~~~...~~.........####
♣♣♣♣P~~~PP♣~♣........####
♣♣~~♣♣♣♣♣♣#.......#≈≈≈
♣♣~♣ ♣..#.......#≈≈≈ ♣~~♣
♣?..........#~.~
♣♣~♣♣..##........#...
♣.~♣..#.........#...
#..@g.#.........#... ###
###................) #.#
#..#...........####
########†##
....##.....>.....##.
.....##...# .##..#
....<.........
.........##.......
##.........#. ..........P♣
.... ##..##...###
.........♣♣♣♣♣..## #..
##..# # #.[...#.~~~~~~~♣
##.# #..####


You could see Ijyb.

Vanquished Creatures
  A scorpion (D:4)
  3 adders
  7 gnolls
  3 worms
  2 dart slugs (D:1)
  12 orcs
  12 ball pythons
  6 bats
  8 endoplasms
  7 giant cockroaches
  8 goblins
  7 hobgoblins
  6 kobolds
  6 quokkas
  6 frilled lizards
  5 rats
99 creatures vanquished.

Vanquished Creatures (others)
  4 plants (D:4)
4 creatures vanquished.

Grand Total: 103 creatures vanquished

Notes
Turn   | Place    | Note
-------+----------+-------------------------------------------
     0 | D:1      | Ahpoh the Vine Stalker Monk began the quest for the Orb.
     0 | D:1      | Reached XP level 1. HP: 11/11 MP: 2/2
   153 | D:1      | You fall into a shaft and drop 1 floor!
   184 | D:2      | Reached XP level 2. HP: 16/16 MP: 3/3
   488 | D:2      | Reached skill level 3 in Long Blades
   629 | D:2      | Reached XP level 3. HP: 15/20 MP: 4/4
  1128 | D:1      | Gained mutation: Your natural rate of healing is unusually
                  | fast. [Vine Stalker growth]
  1128 | D:1      | Reached XP level 4. HP: 24/24 MP: 5/5
  1542 | D:3      | Found a shadowy altar of Dithmenos.
  1591 | D:3      | Found an ornate altar of the Wu Jian Council.
  1776 | D:3      | Reached XP level 5. HP: 6/28 MP: 1/6
  1862 | D:3      | Reached skill level 1 in Stealth
  1900 | D:3      | Found a burning altar of Makhleb.
  2303 | D:4      | HP: 1/28 [scorpion (5)]
  2308 | D:4      | Reached skill level 4 in Long Blades
  2415 | D:4      | Reached XP level 6. HP: 25/33 MP: 5/7
  2529 | D:4      | Found an ancient bone altar of Kikubaaqudgha.
  2725 | D:4      | Noticed Ijyb
  2736 | D:4      | Slain by Ijyb

Illustrated notes

Levels and vault maps discovered:
D:1:      sevenhm_arrival_forest_fort_small_1, layout_rooms
D:2:      layout_basic, chequers_garden, small_statue_intersection,
          dreamdust_wishing_well, grunt_ministairs_5
D:3:      layout_basic, mainiacjoe_overflow_paths,
          nicolae_dithmenos_the_darkroom, lemuel_crystal_altar,
          minmay_stone_trees_medium, hangedman_glass_teeth, moated_statue
D:4:      layout_cave_pools, general_overflow_altar, overflow_temple_1_default,
          serial_bayou, serial_bayou_pond_e, serial_bayou_crossing,
          serial_bayou_lake_a, serial_bayou_pond_a, minmay_goblin_outpost,
          uniq_ijyb

Skill      XL: |  1  2  3  4  5 |
---------------+----------------+-----
Fighting       | 3 |  3.8
Long Blades    | 3 4 |  4.6
Dodging        | 3 |  3.3
Stealth        | 1 |  1.8

Action                     |  1- 3 |  4- 6 || total
---------------------------+-------+-------++-------
  Melee: Falchion          |    14 |       ||    14
         Bite              |    17 |    43 ||    60
         Long sword        |    55 |   139 ||   194
    Use: Scroll            |     7 |     1 ||     8
         Potion            |     1 |     3 ||     4
   Stab: Distracted        |       |     1 ||     1
 Armour: Robe              |    19 |    22 ||    41
  Dodge: Dodged            |    59 |    93 ||   152

Table legend: (Time is in decaauts)
 A = Elapsed time spent in this place.
 B = Non-inter-level travel time spent in this place.
 C = Inter-level travel time spent in this place.
 D = Time resting spent in this place.
 E = Time spent auto-exploring this place.
 F = Levels seen in this place.
 G = Mean time per level.
                   A        B        C        D        E       F      G
               +--------+--------+--------+--------+--------+-----+--------+
         Total |   2800 |   2738 |     62 |    134 |   1731 |   4 |  700.0 |
       Dungeon |   2800 |   2738 |     62 |    134 |   1731 |   4 |  700.0 |
               +--------+--------+--------+--------+--------+-----+--------+

Top non-repeatable levels by time:
     D:3: 829 daAuts
     D:2: 795 daAuts
     D:1: 679 daAuts
     D:4: 496 daAuts
